TOP OF THE 1ST |
Boston Rebels batting - Pitching for Orlando Calrissian : RHP Jorge Jiménez
|
Pitching: RHP Jorge Jiménez
|
|
Batting: LHB Paco Córdova
|
0-0: Called Strike 0-1: Fly out, F8 (Flyball, 8RM)
|
Batting: LHB Frank Jackson
|
0-0: Ball 1-0: SOLO HOME RUN (Flyball, 7D), Distance : 389 ft
|
Batting: RHB Ken McDonald
|
0-0: SINGLE (Groundball, 34) (infield hit)
|
Batting: LHB Gabriel Aragón
|
Pickoff Throw to First - Out! 0-0: Called Strike 0-1: Ground out 4-3 (Groundball, 4)
|
Top of the 1st over - 1 run, 2 hits, 0 errors, 0 left on base; Boston 1 - Orlando 0 |
BOTTOM OF THE 1ST |
Orlando Calrissian batting - Pitching for Boston Rebels : LHP Nelson Béltre
|
Pitching: LHP Nelson Béltre
|
|
Batting: RHB Jesús Gonzáles
|
0-0: Swinging Strike 0-1: Ball 1-1: Ball 2-1: Swinging Strike 2-2: Foul Ball, location: 2F 2-2: Strikes out looking
|
Batting: RHB Gabriel Ángel
|
0-0: Called Strike 0-1: Ball 1-1: Ball 2-1: Foul Ball, location: 2F 2-2: Fly out, F8 (Flyball, 8LXD)
|
Batting: RHB Rich Anderson
|
0-0: Ball 1-0: Called Strike 1-1: Ground out 4-3 (Groundball, 4MS)
|
Bottom of the 1st over - 0 runs, 0 hits, 0 errors, 0 left on base; Boston 1 - Orlando 0 |
TOP OF THE 2ND |
Boston Rebels batting - Pitching for Orlando Calrissian : RHP Jorge Jiménez
|
Batting: RHB Tony Long
|
0-0: Called Strike 0-1: Ball 1-1: Fly out, F3 (Popup, 34)
|
Batting: LHB Ricardo Brandariz
|
0-0: Ball 1-0: Ball 2-0: Called Strike 2-1: Ball 3-1: SOLO HOME RUN (Flyball, 9D), Distance : 384 ft
|
Batting: RHB Alfredo Cortéz
|
0-0: Ball 1-0: Swinging Strike 1-1: Ball 2-1: Called Strike 2-2: Strikes out swinging
|
Batting: RHB Roberto Chávez
|
0-0: Ball 1-0: Fly out, F7 (Line Drive, 7S)
|
Top of the 2nd over - 1 run, 1 hit, 0 errors, 0 left on base; Boston 2 - Orlando 0 |
BOTTOM OF THE 2ND |
Orlando Calrissian batting - Pitching for Boston Rebels : LHP Nelson Béltre
|
Batting: RHB Raúl Canó
|
0-0: Ball 1-0: Swinging Strike 1-1: Ball 2-1: Ball 3-1: Base on Balls
|
Batting: SHB Tim Abbott
|
0-0: Swinging Strike 0-1: Called Strike 0-2: Foul Ball, location: 2F 0-2: Ball 1-2: SINGLE (Line Drive, 8RS) Raúl Canó to second Runner from 2nd tries for 3rd, SAFE, no throw
|
Batting: RHB Frederico Hernández
|
0-0: Ball 1-0: Called Strike 1-1: SINGLE (Groundball, 6MD) Raúl Canó scores Tim Abbott to second
|
Batting: RHB Júlio Negrón
|
0-0: Ball 1-0: Grounds into double play, 6-4-3 (Groundball, 6) Tim Abbott to third
|
Batting: RHB Robby Lewis
|
0-0: Foul Ball, location: 2F 0-1: Ball 1-1: Foul Ball, location: 2F 1-2: Foul Ball, location: 2F 1-2: Ball 2-2: Ball 3-2: SINGLE (Flyball, 9S) Tim Abbott scores
|
Batting: LHB Danny Allen
|
0-0: Ball 1-0: Ball 2-0: Called Strike 2-1: Called Strike 2-2: Strikes out swinging
|
Bottom of the 2nd over - 2 runs, 3 hits, 0 errors, 1 left on base; Boston 2 - Orlando 2 |
TOP OF THE 3RD |
Boston Rebels batting - Pitching for Orlando Calrissian : RHP Jorge Jiménez
|
Batting: RHB Aaron Washington
|
0-0: Ball 1-0: SINGLE (Groundball, 56D)
|
Batting: LHB Paco Córdova
|
0-0: Foul Ball, location: 2F 0-1: Ball 1-1: Fielders Choice at 2nd, 6-4 (Groundball, 6M)
|
Batting: LHB Frank Jackson
|
0-0: Ball 1-0: Ball 2-0: Called Strike 2-1: Fly out, F9 (Flyball, 9)
|
Batting: RHB Ken McDonald
|
0-0: Ball 1-0: Ball 2-0: Foul Ball, location: 2F 2-1: Foul Ball, location: 2F 2-2: Strikes out looking
|
Top of the 3rd over - 0 runs, 1 hit, 0 errors, 1 left on base; Boston 2 - Orlando 2 |
BOTTOM OF THE 3RD |
Orlando Calrissian batting - Pitching for Boston Rebels : LHP Nelson Béltre
|
Batting: RHB Jesús Gonzáles
|
0-0: Ball 1-0: Ball 2-0: Ball 3-0: Called Strike 3-1: Base on Balls
|
Batting: RHB Gabriel Ángel
|
0-0: Called Strike 0-1: Foul Ball, location: 2F 0-2: SINGLE (Groundball, 34D) Jesús Gonzáles to second Runner from 2nd tries for 3rd, SAFE, no throw
|
Batting: RHB Rich Anderson
|
0-0: Called Strike 0-1: Foul Ball, location: 2F 0-2: Strikes out swinging
|
Batting: RHB Raúl Canó
|
0-0: Called Strike 0-1: Ball 1-1: Fly out, F9 (Line Drive, 9S) Runner from 3rd tags up, SCORES, no throw
|
Batting: SHB Tim Abbott
|
0-0: Ball 1-0: Ball 2-0: Ball 3-0: Base on Balls Gabriel Ángel to second
|
Batting: RHB Frederico Hernández
|
0-0: Ball Wild Pitch! Gabriel Ángel to third Tim Abbott to second 1-0: 3-RUN HOME RUN (Flyball, 7D), Distance : 394 ft
|
Batting: RHB Júlio Negrón
|
0-0: Ball 1-0: Ball 2-0: Foul Ball, location: 2F 2-1: Foul Ball, location: 2F 2-2: Foul Ball, location: 2F 2-2: Ball 3-2: Base on Balls
|
Batting: RHB Robby Lewis
|
0-0: Called Strike 0-1: Ball 1-1: Ball 2-1: Foul Ball, location: 2F 2-2: Strikes out looking
|
Bottom of the 3rd over - 4 runs, 2 hits, 0 errors, 1 left on base; Boston 2 - Orlando 6 |
TOP OF THE 4TH |
Boston Rebels batting - Pitching for Orlando Calrissian : RHP Jorge Jiménez
|
Batting: LHB Gabriel Aragón
|
0-0: Called Strike 0-1: Foul Ball, location: 2F 0-2: Foul Ball, location: 2F 0-2: Ball 1-2: Ball 2-2: Ball 3-2: Ground out 5-3 (Groundball, 5)
|
Batting: RHB Tony Long
|
0-0: Ball 1-0: Ball 2-0: Foul Ball, location: 2F 2-1: Called Strike 2-2: Ball 3-2: Fly out, F6 (Popup, 6S)
|
Batting: LHB Ricardo Brandariz
|
0-0: Called Strike 0-1: Fly out, F4 (Line Drive, 34)
|
Top of the 4th over - 0 runs, 0 hits, 0 errors, 0 left on base; Boston 2 - Orlando 6 |
BOTTOM OF THE 4TH |
Orlando Calrissian batting - Pitching for Boston Rebels : LHP Nelson Béltre
|
Batting: LHB Danny Allen
|
0-0: Called Strike 0-1: Swinging Strike 0-2: Strikes out looking
|
Batting: RHB Jesús Gonzáles
|
0-0: Ground out 4-3 (Groundball, 4)
|
Batting: RHB Gabriel Ángel
|
0-0: Called Strike 0-1: Ball 1-1: Called Strike 1-2: Ball 2-2: Foul Ball, location: 2F 2-2: Foul Ball, location: 2F 2-2: Ground out 6-3 (Groundball, 6)
|
Bottom of the 4th over - 0 runs, 0 hits, 0 errors, 0 left on base; Boston 2 - Orlando 6 |
TOP OF THE 5TH |
Boston Rebels batting - Pitching for Orlando Calrissian : RHP Jorge Jiménez
|
Batting: RHB Alfredo Cortéz
|
0-0: Called Strike 0-1: SINGLE (Groundball, 4D)
|
Batting: RHB Roberto Chávez
|
0-0: Called Strike 0-1: Called Strike 0-2: Strikes out looking
|
Batting: RHB Aaron Washington
|
0-0: Ball 1-0: Swinging Strike 1-1: Ball 2-1: Ball 3-1: SINGLE (Groundball, 56D) Alfredo Cortéz to second
|
Batting: LHB Paco Córdova
|
0-0: Called Strike 0-1: Foul Ball, location: 2F 0-2: Ball 1-2: Foul Ball, location: 2F 1-2: Foul Ball, location: 2F 1-2: Ball 2-2: Foul Ball, location: 2F 2-2: Strikes out swinging
|
Batting: LHB Frank Jackson
|
0-0: Ball 1-0: Foul Ball, location: 2F 1-1: Ball 2-1: Ball 3-1: Base on Balls Alfredo Cortéz to third Aaron Washington to second
|
Batting: RHB Ken McDonald
|
0-0: Ball 1-0: Ball 2-0: Ball 3-0: Called Strike 3-1: Fly out, F8 (Flyball, 8LM)
|
Top of the 5th over - 0 runs, 2 hits, 0 errors, 3 left on base; Boston 2 - Orlando 6 |
BOTTOM OF THE 5TH |
Orlando Calrissian batting - Pitching for Boston Rebels : LHP Nelson Béltre
|
Pitching: RHP Terry Fields
|
|
Batting: RHB Rich Anderson
|
0-0: Ball 1-0: Ball 2-0: Called Strike 2-1: Foul Ball, location: 2F 2-2: Ball 3-2: Ground out 5-3 (Groundball, 56S)
|
Batting: RHB Raúl Canó
|
0-0: DOUBLE (Line Drive, 7LD)
|
Batting: SHB Tim Abbott
|
0-0: Intentional Walk
|
Batting: RHB Frederico Hernández
|
0-0: Called Strike 0-1: Ball 1-1: Swinging Strike 1-2: Strikes out looking
|
Batting: RHB Júlio Negrón
|
0-0: Swinging Strike 0-1: Called Strike 0-2: Ball 1-2: Foul Ball, location: 2F 1-2: Foul Ball, location: 2F 1-2: Strikes out looking
|
Bottom of the 5th over - 0 runs, 1 hit, 0 errors, 2 left on base; Boston 2 - Orlando 6 |
TOP OF THE 6TH |
Boston Rebels batting - Pitching for Orlando Calrissian : RHP Jorge Jiménez
|
Now in LF: Craig Kenney
|
|
Batting: LHB Gabriel Aragón
|
0-0: Foul Ball, location: 2F 0-1: Foul Ball, location: 2F 0-2: Ball 1-2: Strikes out swinging
|
Pitching: LHP Xavier Velázquez
|
|
Batting: RHB Tony Long
|
0-0: Called Strike 0-1: Ball 1-1: Called Strike 1-2: SOLO HOME RUN (Flyball, 8LD), Distance : 402 ft
|
Batting: LHB Ricardo Brandariz
|
0-0: Foul Ball, location: 2F 0-1: Ball 1-1: Ball 2-1: Foul Ball, location: 2F 2-2: Foul Ball, location: 2F 2-2: Ball 3-2: Base on Balls
|
Batting: RHB Alfredo Cortéz
|
0-0: Ball 1-0: Foul Ball, location: 2F 1-1: SINGLE (Groundball, 34D) Ricardo Brandariz to second Runner from 2nd tries for 3rd, SAFE, no throw
|
Batting: RHB Roberto Chávez
|
0-0: Fly out, F4 (Popup, 34)
|
Batting: RHB Aaron Washington
|
0-0: Called Strike 0-1: Ball 1-1: SINGLE (Flyball, 9LS) Ricardo Brandariz scores Alfredo Cortéz to second Runner from 2nd tries for 3rd, SAFE, no throw
|
Batting: LHB Paco Córdova
|
0-0: Ball 1-0: Called Strike 1-1: Foul Ball, location: 2F 1-2: Foul Ball, location: 2F 1-2: Foul Ball, location: 2F 1-2: Ball 2-2: Ball 3-2: SINGLE (Groundball, 3) (infield hit) Alfredo Cortéz scores Aaron Washington to second
|
Pitching: RHP José Reyes
|
|
Batting: LHB Frank Jackson
|
0-0: Foul Ball, location: 2F 0-1: Swinging Strike 0-2: SINGLE (Flyball, 78S) Aaron Washington to third Paco Córdova to second Runner from 3rd tries for Home, SAFE, no throw
|
Batting: RHB Ken McDonald
|
0-0: Ball 1-0: Foul Ball, location: 2F 1-1: Ball 2-1: Foul Ball, location: 2F 2-2: Ball 3-2: Foul Ball, location: 2F 3-2: Base on Balls Paco Córdova to third Frank Jackson to second
|
Batting: LHB Gabriel Aragón
|
0-0: Ball 1-0: Foul Ball, location: 2F 1-1: SINGLE (Line Drive, 8LS) Paco Córdova scores Frank Jackson to third Ken McDonald to second Runner from 3rd tries for Home, SAFE, no throw
|
Batting: RHB Tony Long
|
0-0: Ball 1-0: Called Strike 1-1: Foul Ball, location: 2F 1-2: Foul Ball, location: 2F 1-2: Fielders Choice at 2nd, U4 (Groundball, 4M)
|
Top of the 6th over - 6 runs, 6 hits, 0 errors, 2 left on base; Boston 8 - Orlando 6 |
BOTTOM OF THE 6TH |
Orlando Calrissian batting - Pitching for Boston Rebels : RHP Terry Fields
|
Batting: RHB Robby Lewis
|
0-0: Ball 1-0: Swinging Strike 1-1: SINGLE (Flyball, 89S)
|
Batting: LHB Danny Allen
|
0-0: Swinging Strike 0-1: Ground out 3-1 (Groundball, 34S) Robby Lewis to second
|
Batting: RHB Jesús Gonzáles
|
0-0: Ball 1-0: Called Strike 1-1: Foul Ball, location: 2F 1-2: Foul Ball, location: 2F 1-2: Ball 2-2: Strikes out swinging
|
Batting: RHB Gabriel Ángel
|
0-0: Ball 1-0: Foul Ball, location: 2F 1-1: Foul Ball, location: 2F 1-2: Foul Ball, location: 2F 1-2: Foul Ball, location: 2F 1-2: Strikes out looking
|
Bottom of the 6th over - 0 runs, 1 hit, 0 errors, 1 left on base; Boston 8 - Orlando 6 |
TOP OF THE 7TH |
Boston Rebels batting - Pitching for Orlando Calrissian : RHP José Reyes
|
Batting: LHB Ricardo Brandariz
|
0-0: Ball 1-0: Called Strike 1-1: Ball 2-1: Ball 3-1: Base on Balls
|
Batting: RHB Alfredo Cortéz
|
0-0: Ball 1-0: Called Strike 1-1: Ball 2-1: Swinging Strike 2-2: Foul Ball, location: 2F 2-2: Ball 3-2: SINGLE (Groundball, 4MD) Ricardo Brandariz to second Ricardo Brandariz to third
|
Pitching: LHP Keith Jennings
|
|
Batting: RHB Roberto Chávez
|
0-0: SINGLE (Line Drive, 89S) Ricardo Brandariz scores Alfredo Cortéz to second
|
Batting: RHB Aaron Washington
|
0-0: Called Strike 0-1: Bunted foul 0-2: Ball 1-2: Ball 2-2: Ball 3-2: Base on Balls Alfredo Cortéz to third Roberto Chávez to second
|
Pinch Hitting: RHB Randy Simons
|
0-0: Foul Ball, location: 2F 0-1: Ball 1-1: Ball 2-1: Called Strike 2-2: DOUBLE (Flyball, 89XD) Alfredo Cortéz scores Roberto Chávez scores Aaron Washington to third Runner from 3rd tries for Home, SAFE, no throw
|
Pitching: RHP Lance Sanders
|
|
Batting: LHB Frank Jackson
|
0-0: Called Strike 0-1: Ball 1-1: Called Strike 1-2: Ball 2-2: Ball 3-2: Foul Ball, location: 2F 3-2: Foul Ball, location: 2F 3-2: SINGLE (Line Drive, 8LS) Randy Simons to third Runner from 3rd tries for Home, SAFE, throw made home Frank Jackson to second
|
Pitching: LHP Mike Murray
|
|
Batting: RHB Ken McDonald
|
0-0: Fly out, F9 (Flyball, 9D) Runner from 2nd tags up, SAFE at 3rd, no throw
|
Batting: LHB Gabriel Aragón
|
0-0: Ball 1-0: Foul Ball, location: 2F 1-1: Foul Ball, location: 2F 1-2: Foul Ball, location: 2F 1-2: Strikes out swinging
|
Batting: RHB Tony Long
|
0-0: Ball 1-0: Ball 2-0: Called Strike 2-1: Ball 3-1: Fly out, F7 (Flyball, 78M)
|
Top of the 7th over - 5 runs, 4 hits, 0 errors, 1 left on base; Boston 13 - Orlando 6 |
BOTTOM OF THE 7TH |
Orlando Calrissian batting - Pitching for Boston Rebels : RHP Terry Fields
|
Now at 3B: Ed Watkins
|
|
Batting: RHB Rich Anderson
|
0-0: Called Strike 0-1: Ball 1-1: Called Strike 1-2: SINGLE (Line Drive, 7LS)
|
Batting: LHB Craig Kenney
|
0-0: Called Strike 0-1: Ball 1-1: Ball 2-1: Foul Ball, location: 2F 2-2: Foul Ball, location: 2F 2-2: SINGLE (Groundball, 4MD) Rich Anderson to second
|
Batting: SHB Tim Abbott
|
0-0: Called Strike 0-1: Fielders Choice at 2nd, 6-4 (Groundball, 6) Rich Anderson to third
|
Batting: RHB Frederico Hernández
|
0-0: Foul Ball, location: 2F 0-1: Ball 1-1: Ball 2-1: SINGLE (Line Drive, 4D) Rich Anderson scores Tim Abbott to second
|
Batting: RHB Júlio Negrón
|
0-0: Swinging Strike 0-1: Foul Ball, location: 2F 0-2: Ball 1-2: Fly out, F4 (Line Drive, 4MD)
|
Now at 2B: Devin Smith
|
|
Batting: RHB Robby Lewis
|
0-0: Ball 1-0: Ball Wild Pitch! Tim Abbott to third Frederico Hernández to second 2-0: Called Strike 2-1: Swinging Strike 2-2: Ball 3-2: Foul Ball, location: 2F 3-2: Strikes out swinging
|
Bottom of the 7th over - 1 run, 3 hits, 0 errors, 2 left on base; Boston 13 - Orlando 7 |
TOP OF THE 8TH |
Boston Rebels batting - Pitching for Orlando Calrissian : LHP Mike Murray
|
Batting: LHB Ricardo Brandariz
|
0-0: Called Strike 0-1: Foul Ball, location: 2F 0-2: Strikes out swinging, 2-3 out at first.
|
Batting: RHB Alfredo Cortéz
|
0-0: Called Strike 0-1: Ball 1-1: Foul Ball, location: 2F 1-2: Ball 2-2: Foul Ball, location: 2F 2-2: Ball 3-2: Fly out, F7 (Flyball, 78D)
|
Batting: SHB Devin Smith
|
0-0: Foul Ball, location: 2F 0-1: Ball 1-1: Ground out 1-3 (Groundball, 13S)
|
Top of the 8th over - 0 runs, 0 hits, 0 errors, 0 left on base; Boston 13 - Orlando 7 |
BOTTOM OF THE 8TH |
Orlando Calrissian batting - Pitching for Boston Rebels : RHP Terry Fields
|
Pitching: RHP Beau Murphy
|
|
Batting: LHB Danny Allen
|
0-0: Swinging Strike 0-1: Foul Ball, location: 2F 0-2: SINGLE (Line Drive, 56D)
|
Batting: RHB Jesús Gonzáles
|
0-0: Foul Ball, location: 2F 0-1: Reached on error, E5 (Groundball, 56) Danny Allen to second
|
Batting: RHB Gabriel Ángel
|
0-0: Called Strike 0-1: Swinging Strike 0-2: Ball 1-2: Ball 2-2: Strikes out swinging
|
Batting: RHB Rich Anderson
|
0-0: Called Strike 0-1: Foul Ball, location: 2F 0-2: Ball 1-2: Fly out, F9 (Flyball, 9S)
|
Batting: LHB Craig Kenney
|
0-0: Swinging Strike 0-1: Called Strike 0-2: Fly out, F7 (Flyball, 7)
|
Bottom of the 8th over - 0 runs, 1 hit, 1 error, 2 left on base; Boston 13 - Orlando 7 |
TOP OF THE 9TH |
Boston Rebels batting - Pitching for Orlando Calrissian : LHP Mike Murray
|
Batting: RHB Aaron Washington
|
0-0: Ball 1-0: Ball 2-0: Swinging Strike 2-1: Foul Ball, location: 2F 2-2: Foul Ball, location: 2F 2-2: Foul Ball, location: 2F 2-2: Ball 3-2: Strikes out swinging
|
Batting: RHB Ed Watkins
|
0-0: Foul Ball, location: 2F 0-1: Ball 1-1: Ball 2-1: Ball 3-1: Base on Balls
|
Batting: LHB Frank Jackson
|
0-0: Ball 1-0: Called Strike 1-1: Foul Ball, location: 2F 1-2: Ball 2-2: Ball 3-2: Fly out, F8 (Flyball, 8RXD)
|
Batting: RHB Ken McDonald
|
0-0: Ball 1-0: Called Strike 1-1: Ball Wild Pitch! Ed Watkins to second 2-1: Called Strike 2-2: Fly out, F7 (Flyball, 7D)
|
Top of the 9th over - 0 runs, 0 hits, 0 errors, 1 left on base; Boston 13 - Orlando 7 |
BOTTOM OF THE 9TH |
Orlando Calrissian batting - Pitching for Boston Rebels : RHP Beau Murphy
|
Batting: SHB Tim Abbott
|
0-0: Ball 1-0: Swinging Strike 1-1: Swinging Strike 1-2: Strikes out swinging
|
Batting: RHB Frederico Hernández
|
0-0: Ball 1-0: Called Strike 1-1: Swinging Strike 1-2: Strikes out swinging
|
Batting: RHB Júlio Negrón
|
0-0: Fly out, F1 (Line Drive, 13)
|
Bottom of the 9th over - 0 runs, 0 hits, 0 errors, 0 left on base; Boston 13 - Orlando 7 |
|